Map: Eternal Empire LE

Players

Erik - Winner!

  • Race: Zerg Zerg
  • Spawn Location: 7:00

SpeCial

  • Race: Terran Terran
  • Spawn Location: 1:00

Event: DreamHack SC2 Masters 2020 Fall

VOD

Have the link to the VOD?

Description

Time

  • Played on: Aug. 27, 2020, 4 p.m.
  • Length: 14:35

All games in this series

Show
View Real Time Build Order
Export as new Build Order

Erik Zerg - Winner!

Build Orders: Hatch First, Muta Ling Bane 

Get SALT Encoding   

  12  0:00  Drone  
  13  0:08  Drone  
  14  0:14  Extractor  
  14  0:15  Drone  
  15  0:37  Hatchery  
  15  0:42  Drone, Extractor  
  14  0:49  Overlord  
  15  1:03  Spawning Pool  
  14  1:08  Drone  
  14  1:10  Drone  
  16  1:13  Extractor  
  16  1:15  Drone  
  16  1:19  Drone  
  17  1:30  Drone  
  18  1:41  Drone  
  19  1:49  Queen x2  
  19  1:51  Zergling x2  
  24  1:54  Zergling x2  
  25  2:03  Drone  
  25  2:04  Overlord  
  26  2:13  Drone x2  
  28  2:25  Drone x2  
  30  2:30  Metabolic Boost  
  30  2:33  Drone  
  30  2:34  Drone  
  32  2:38  Queen  
  34  2:47  Overlord  
  34  2:51  Drone  
  35  2:53  Drone  
  35  3:07  Drone x7  
  42  3:19  Hatchery  
  41  3:26  Drone x3  
  44  3:33  Overlord  
  44  3:43  Overlord  
  44  3:47  Lair  
  43  3:50  Queen, Extractor x2  
  43  3:51  Extractor  
  43  3:53  Drone x5  
  47  3:59  Zergling x2  
  47  4:00  Zergling x4  
  50  4:06  Zergling x2  
  51  4:12  Drone  
  51  4:17  Drone  
  53  4:19  Drone x4  
  57  4:24  Zergling x6  
  57  4:30  Overlord, Queen  
  62  4:31  Queen  
  62  4:34  Drone  
  65  4:40  Drone  
  66  4:45  Spire  
  66  4:50  Baneling Nest  
  64  4:53  Drone x2  
  64  4:54  Drone x3  
  69  5:02  Drone x5  
  74  5:07  Overlord x2  
  74  5:19  Overlord  
  74  5:24  Extractor x2  
  74  5:25  Zergling x6  
  74  5:26  Zergling x4  
  74  5:28  Drone x3  
  80  5:33  Centrifical Hooks  
  80  5:36  Drone x3  
  80  5:41  Drone x6  
  89  5:43  Baneling x4  
  89  5:47  Overlord x2  
  89  6:00  Mutalisk  
  89  6:02  Overlord  
  89  6:03  Overlord x2  
  90  6:06  Mutalisk x3  
  90  6:10  Baneling x2  
  90  6:11  Baneling  
  96  6:14  Mutalisk x2  
  96  6:15  Mutalisk  
  102  6:22  Mutalisk  
  102  6:23  Mutalisk x2  
  106  6:27  Mutalisk x2  
  110  6:33  Zergling x12  
  116  6:40  Drone  
  116  6:43  Evolution Chamber x2, Drone  
  116  6:45  Baneling  
  116  6:46  Baneling x3  
  107  7:02  Zergling x18  
  109  7:13  Mutalisk x7  
  121  7:24  Zerg Ground Armor Level 1  
  121  7:28  Hatchery  
  120  7:30  Zerg Melee Weapons Level 1  
  120  7:35  Hatchery  
  119  7:44  Mutalisk x2  
  112  7:46  Zergling x2  
  112  7:47  Zergling x12  
  115  8:13  Mutalisk x5  
  115  8:16  Zergling x2  
  115  8:17  Zergling x8  
  130  8:22  Overlord x3  
  114  8:38  Drone x8  
  110  8:55  Zergling x2  
  110  8:56  Zergling x12  
  110  8:58  Queen  
  110  9:00  Zergling x10  
  124  9:03  Drone x3  
  124  9:06  Zerg Flyer Weapons Level 1  
  124  9:07  Queen  
  129  9:13  Mutalisk  
  129  9:14  Mutalisk x4  
  139  9:17  Pneumatized Carapace  
  139  9:20  Unknown  
  139  9:23  Zergling x16  
  146  9:24  Baneling  
  146  9:25  Baneling x3  
  146  9:26  Baneling x3  
  146  9:36  Drone x7  
  146  9:37  Drone x2  
  155  9:45  Baneling x7  
  153  9:52  Zergling x18  
  146  10:16  Mutalisk x7  
  150  10:27  Zergling x2  
  150  10:28  Zergling x34  
  164  10:30  Drone  
  163  10:37  Queen  
  160  10:50  Zerg Melee Weapons Level 2  
  160  10:51  Infestation Pit, Zerg Ground Armor Level 2  
  160  10:54  Baneling x2  
  160  10:55  Baneling x11  
  159  10:57  Hatchery, Overseer  
  158  11:05  Zergling x16  
  158  11:08  Overlord x2  
  166  11:18  Baneling x8  
  160  11:23  Zergling x12  
  160  11:32  Baneling  
  158  11:33  Baneling x5  
  158  11:34  Zergling x16  
  152  11:58  Baneling x8  
  152  11:59  Zergling x2, Baneling  
  152  12:00  Zergling x24  
  143  12:16  Baneling x11  
  143  12:18  Zergling x8  
  130  12:34  Zergling x4  
  130  12:35  Zergling x12  
  123  12:44  Overseer  
  123  12:46  Baneling x4  
  119  12:56  Mutalisk x8  
  121  13:07  Queen  
  121  13:10  Hive  
  121  13:12  Baneling x9  
  123  13:14  Zergling x8  
  123  13:15  Zergling x6  
  123  13:17  Baneling  
  123  13:18  Baneling x2  
  130  13:30  Zergling x2  
  130  13:31  Zergling x16  
  139  13:37  Queen  
  137  13:50  Baneling x13  
  137  13:51  Zergling x2  
  137  13:52  Zergling x26  
  138  14:05  Mutalisk x4  
  133  14:16  Zergling x2  
  134  14:17  Zergling x14  
Show
View Real Time Build Order
Export as new Build Order

SpeCial Terran 

Build Orders: Reaper Expand 

Get SALT Encoding   

  12  0:00  SCV  
  13  0:12  SCV  
  14  0:17  Supply Depot  
  14  0:24  SCV  
  15  0:39  SCV  
  15  0:40  Barracks  
  16  0:44  Refinery  
  16  0:51  SCV  
  17  1:03  SCV  
  18  1:15  SCV  
  19  1:28  Reaper, Orbital Command  
  20  1:41  Command Center  
  20  1:51  Supply Depot  
  20  1:55  SCV  
  20  2:00  Marine  
  22  2:05  Factory  
  22  2:10  SCV  
  23  2:22  Barracks Reactor  
  23  2:23  SCV  
  24  2:35  SCV  
  25  2:42  Command Center  
  25  2:48  SCV  
  26  2:53  Barracks  
  26  3:00  Orbital Command  
  26  3:04  SCV  
  26  3:10  Hellion  
  28  3:14  Hellion  
  28  3:17  Barracks Tech Lab  
  28  3:19  SCV  
  31  3:23  Refinery  
  31  3:26  SCV  
  32  3:31  SCV  
  33  3:35  Marine  
  33  3:36  Stimpack  
  33  3:38  SCV  
  35  3:44  SCV  
  36  3:49  Starport  
  36  3:51  SCV  
  36  3:54  Marine x3  
  40  3:56  SCV  
  40  3:57  Factory Reactor  
  40  4:02  Orbital Command  
  41  4:05  SCV  
  41  4:08  SCV  
  43  4:12  Marine x3  
  46  4:18  SCV  
  46  4:20  SCV  
  46  4:22  Supply Depot  
  48  4:25  Refinery  
  48  4:26  Orbital Command  
  48  4:30  SCV, Marine x3  
  52  4:32  SCV  
  57  4:42  SCV  
  57  4:44  SCV  
  57  4:45  Hellion  
  57  4:46  Medivac x2  
  57  4:47  Supply Depot, Marine  
  57  4:48  Marine  
  57  4:51  Marine  
  64  4:54  SCV  
  64  4:56  SCV  
  64  4:58  SCV  
  67  5:01  Engineering Bay x2  
  67  5:03  Refinery  
  67  5:05  Marine x2  
  69  5:09  Marine, Factory Tech Lab  
  69  5:10  SCV  
  69  5:11  SCV x2  
  73  5:16  Supply Depot  
  73  5:22  SCV  
  73  5:23  Combat Shield, Marine x2  
  73  5:27  Marine  
  77  5:29  Terran Infantry Weapons Level 1, Terran Infantry Armor Level 1  
  77  5:38  SCV x3, Siege Tank  
  77  5:41  Marine x2  
  85  5:48  Barracks  
  85  5:53  Supply Depot, Marine  
  85  5:54  SCV x2, Medivac x2  
  92  6:00  SCV  
  93  6:13  Barracks  
  93  6:14  SCV x3, Marine x3  
  93  6:15  Supply Depot  
  93  6:16  Barracks  
  93  6:18  Supply Depot x2  
  99  6:26  SCV  
  99  6:27  SCV  
  101  6:36  Marine x3  
  101  6:37  SCV, Barracks Reactor  
  101  6:39  SCV  
  106  6:41  Liberator  
  106  6:42  Supply Depot  
  106  6:43  Liberator  
  112  6:50  SCV  
  113  6:54  Marine x3  
  113  7:00  Marine  
  111  7:02  SCV, Siege Tank  
  111  7:04  Marine  
  99  7:11  Missile Turret  
  99  7:12  Missile Turret, Marine x3  
  99  7:13  Missile Turret  
  99  7:14  Armory  
  99  7:15  Marine x2  
  90  7:18  SCV x3  
  90  7:20  Barracks Reactor  
  90  7:21  Missile Turret  
  91  7:24  Medivac  
  91  7:26  Barracks Reactor, Medivac  
  95  7:30  Marine x3  
  95  7:32  Refinery, Marine  
  95  7:33  Marine  
  95  7:34  Factory  
  100  7:42  SCV x2  
  98  7:45  SCV  
  98  7:48  Marine x3  
  98  7:50  Marine x2  
  101  7:54  SCV, Medivac  
  101  7:55  SCV  
  101  7:56  Medivac  
  106  7:58  Marine  
  106  7:59  Marine  
  106  8:02  Marine  
  106  8:05  Marine x4  
  104  8:08  Marine x2  
  104  8:12  SCV  
  106  8:16  Marine  
  106  8:17  Marine  
  104  8:20  Marine  
  104  8:23  Marine x4  
  104  8:24  Medivac  
  104  8:26  Marine x2  
  112  8:33  Siege Tank  
  102  8:34  Marine  
  102  8:35  Marine  
  102  8:38  Marine  
  102  8:41  Marine x4  
  99  8:44  Marine x2  
  99  8:45  Missile Turret, Terran Infantry Weapons Level 2  
  99  8:47  Terran Infantry Armor Level 2  
  101  8:52  Marine x2  
  103  8:55  Marine  
  103  8:57  SCV  
  103  8:58  SCV x2, Marine  
  103  8:59  Marine x3  
  103  9:02  Marine x2  
  113  9:04  Missile Turret  
  113  9:07  Medivac  
  114  9:10  Marine x2  
  114  9:12  Medivac  
  114  9:13  Marine  
  114  9:14  Refinery  
  114  9:15  Missile Turret  
  114  9:16  SCV x2, Marine  
  122  9:17  Marine  
  122  9:18  SCV  
  122  9:21  Marine x4  
  128  9:27  Marine  
  128  9:28  SCV, Marine  
  131  9:33  Marine  
  131  9:34  Marine  
  131  9:36  Command Center, Factory  
  133  9:45  Supply Depot  
  133  9:46  Supply Depot  
  133  9:47  Supply Depot, Marine x4  
  133  9:48  SCV, Marine x3  
  141  10:00  Marine  
  141  10:01  Marine  
  141  10:03  Thor  
  141  10:05  Marine x4  
  141  10:06  Marine x3  
  140  10:08  SCV x2  
  140  10:12  SCV  
  137  10:17  Marine  
  137  10:19  Medivac x2, Marine  
  137  10:20  Missile Turret  
  142  10:22  SCV x2  
  142  10:23  Marine x2  
  144  10:31  Factory Reactor, Missile Turret, Marine  
  144  10:32  SCV  
  144  10:34  SCV  
  145  10:36  Marine x2  
  147  10:43  Sensor Tower  
  147  10:44  Marine x4  
  147  10:48  Marine x2  
  147  10:49  Marine  
  154  10:54  Marine x2  
  156  10:58  Widow Mine  
  156  11:00  Drilling Claws  
  156  11:02  Marine x4  
  161  11:06  Marine x2  
  161  11:07  Marine  
  161  11:10  Widow Mine  
  166  11:12  Marine x2  
  158  11:20  Marine x4  
  158  11:23  Marine  
  158  11:24  Marine  
  143  12:20  Supply Depot  
  143  12:21  Supply Depot  
  143  12:23  Marine x7  
  143  12:24  Marine x2  
  138  12:35  Siege Tank  
  117  12:41  Marine x8  
  117  12:42  Marine  
  126  12:45  Medivac  
  95  12:59  Marine x4  
  95  13:01  Marine x5  
  94  13:17  Marine x4  
  94  13:19  Marine x5  
  103  13:35  Marine x4  
  103  13:37  Marine  
  108  13:45  Marine x4  
  112  13:52  Marine x4  
  112  13:55  Marine  
  97  14:02  Marine  
  97  14:03  Marine x3  
  89  14:10  Marine x2  
  89  14:11  Marine x2  
  89  14:13  Marine  

Tags
 
Add a new tag
Caveats
  • Supply blocks, unpowered buildings, or Contaminate may cause inaccurate times.
  • Supply counts are checked every 10 seconds.